 Dungeon Crawl Stone Soup version 0.29.1-14-g9c671dbff4 (webtiles) character file.

Game seed: 15514282301500851130

83182 growler the Black Belt (level 15, -2/244 HPs)
             Began as a White Draconian Transmuter on Feb 19, 2023.
             Was the Champion of Wu Jian.
             Slain by a meliai
             ... wielding a +0 war axe
              (8 damage)
             ... on level 13 of the Dungeon on Feb 20, 2023.
             The game lasted 01:49:45 (25260 turns).

growler the Black Belt (DrTm)                      Turns: 25260, Time: 01:49:46

Health: -2/244     AC: 10    Str: 12    XL:     15   Next: 31%
Magic:  18/22      EV: 13    Int: 20    God:    Wu Jian [******]
Gold:   3806       SH:  0    Dex: 14    Spells: 9/24 levels left

rFire   x . .      SeeInvis .     - Unarmed
rCold   + + +      Faith    .   (shield currently unavailable)
rNeg    + . .      Spirit   .   (body armour unavailable)
rPois   +          Reflect  .   (helmet currently unavailable)
rElec   +          Harm     .   (cloak currently unavailable)
rCorr   +          Rampage  .   (gloves currently unavailable)
Will    ++...                   (boots currently unavailable)
Stlth   ..........              s - amulet of regeneration
HPRegen 1.30/turn               j - ring "Tesaosas" {rElec rPois rC++ rCorr Dex-5}
MPRegen 0.18/turn               Q - ring "Boejuh" {rN+ Will+ rCorr Dex+6}

@: berserking, ice-form, very quick
A: freezing attack, amphibious, boosted hp, (breathe frost), AC +9, large,
unfitting armour, (cold resistance 1), (cold-blooded), (big wings), (fire
resistance 1)
a: End Transformation, Renounce Religion, Wall Jump, Serpent's Lash, Heavenly
Storm


You were on level 13 of the Dungeon.
You worshipped Wu Jian.
Wu Jian was exalted by your worship.
You were a creature of crystalline ice.
You visited 4 branches of the dungeon, and saw 22 of its levels.
You also visited: Gauntlet.

You collected 3806 gold pieces.

Inventory:

Missiles
 k - 27 poisoned darts
 R - 4 silver javelins
 T - a throwing net
Armour
 o - a +0 pair of gloves (melded)
 t - a +1 cloak (melded)
 u - a +1 cloak
 O - the +1 pair of boots of the Pure Lies (melded) {rCorr}
   (You found it in a Gauntlet)

   rCorr:     It protects you from acid and corrosion.
Jewellery
 f - a ring of ice
 j - the ring "Tesaosas" (left front paw) {rElec rPois rC++ rCorr Dex-5}
   (You acquired it on level 4 of the Lair of Beasts)

   [ring of poison resistance]

   Dex:       It affects your dexterity (-5).
   rC:        It greatly protects you from cold.
   rElec:     It insulates you from electricity.
   rPois:     It protects you from poison.
   rCorr:     It protects you from acid and corrosion.
 s - an amulet of regeneration (around neck)
 x - a ring of willpower
 A - a +6 ring of strength
 E - an amulet of reflection
 K - a ring of magical power
 N - an amulet of the acrobat
 P - an amulet of guardian spirit
 Q - the ring "Boejuh" (right front paw) {rN+ Will+ rCorr Dex+6}
   (You took it off a minotaur in a Gauntlet)

   [ring of dexterity]

   Dex:       It affects your dexterity (+6).
   rN:        It protects you from negative energy.
   rCorr:     It protects you from acid and corrosion.
   Will:      It increases your willpower.
Wands
 q - a wand of polymorph (18)
 v - a wand of acid (15)
 z - a wand of roots (10)
 S - a wand of charming (7)
 W - a wand of flame (8)
Scrolls
 b - 9 scrolls of teleportation
 d - 3 scrolls of poison
 h - 3 scrolls of identify
 i - 2 scrolls of magic mapping
 l - a scroll of enchant weapon
 m - a scroll of enchant armour
 w - 2 scrolls of vulnerability
 y - a scroll of butterflies
 D - 3 scrolls of immolation
 L - a scroll of amnesia
 U - a scroll of summoning
 Y - a scroll of fear
Potions
 a - 3 potions of lignification
 c - 5 potions of might
 e - a potion of berserk rage
 g - 8 potions of attraction
 n - 5 potions of mutation
 p - 8 potions of curing
 r - a potion of resistance {unknown}
 B - a potion of experience {unknown}
 G - a potion of flight
 I - 3 potions of cancellation
 J - 3 potions of brilliance
 V - 2 potions of magic
 X - a potion of invisibility
 Z - a potion of haste


   Skills:
 + Level 13.5 Fighting
 - Level 9.0 Dodging
 - Level 6.0 Stealth
 + Level 18.3 Unarmed Combat
 - Level 5.0 Spellcasting
 - Level 9.0 Transmutations
 - Level 10.0 Ice Magic


You had 9 spell levels left.
You knew the following spells:

 Your Spells              Type           Power      Damage    Failure   Level
a - Beastly Appendage     Tmut           82%        N/A       1%          1
b - Wereblood             Tmut           41%        N/A       1%          2
c - Spider Form           Tmut/Pois      23%        N/A       5%          3
d - Ice Form              Ice/Tmut       43%        N/A       2%          4
e - Blade Hands           Tmut           20%        N/A       8%          5

Your spell library contained the following spells:

 Spells                   Type           Power      Damage    Failure   Level
 Freeze                   Ice            100%       1d11      1%          1
 Sting                    Tmut/Pois      92%        1d7       1%          1
 Frozen Ramparts          Ice            90%        1d14      1%          3
 Ozocubu's Armour         Ice            45%        N/A       1%          3
 Ignite Poison            Fire/Tmut/Pois 17%        N/A       10%         3
 Shock                    Conj/Air       20%        1d4       12%         1
 Hailstorm                Conj/Ice       25%        3d7       14%         4
 Poisonous Vapours        Pois/Air       10%        N/A       17%         2
 Scorch                   Fire           10%        2d5       17%         2
 Petrify                  Tmut/Erth      23%        N/A       19%         4
 Confusing Touch          Hex            5%         N/A       34%         3
 Conjure Flame            Conj/Fire      5%         6-21      34%         3
 Gell's Gravitas          Tloc           5%         N/A       34%         3
 Lesser Beckoning         Tloc           5%         N/A       34%         3
 Mephitic Cloud           Conj/Pois/Air  5%         N/A       34%         3
 Portal Projectile        Hex/Tloc       10%        N/A       34%         3
 Swiftness                Air            5%         N/A       34%         3
 Teleport Other           Tloc           5%         N/A       34%         3
 Tukima's Dance           Hex            5%         N/A       34%         3
 Alistair's Intoxication  Tmut/Pois      15%        N/A       45%         5
 Irradiate                Conj/Tmut      11%        3d15      45%         5
 Yara's Violent Unravell  Hex/Tmut       11%        3d6       45%         5
 Freezing Cloud           Conj/Ice/Air   9%         6-21      63%         5
 Airstrike                Air            2%         2d(1-17)  75%         4
 Flame Wave               Conj/Fire      5%         2d5       75%         4
 Olgreb's Toxic Radiance  Pois           5%         N/A       75%         4
 Sticky Flame             Conj/Fire      5%         2d3       75%         4
 Ozocubu's Refrigeration  Ice            22%        4d12      85%         7
 Eringya's Noxious Bog    Tmut/Pois      11%        N/A       95%         6
 Borgnjor's Vile Clutch   Necr/Erth      2%         N/A       97%         5
 Fireball                 Conj/Fire      2%         3d4       97%         5
 Iskenderun's Battlesphe  Conj           5%         2d6       97%         5
 Summon Forest            Summ/Tloc      2%         N/A       97%         5
 Summon Mana Viper        Hex/Summ       5%         N/A       97%         5
 Conjure Ball Lightning   Conj/Air       2%         3x3d6     100%        6
 Summon Cactus Giant      Summ           2%         N/A       100%        6
 Enfeeble                 Hex            2%         N/A       100%        7
 Orb of Destruction       Conj           2%         9d5       100%        7
 Summon Hydra             Summ           2%         N/A       100%        7
 Ignition                 Fire           2%         3d3       100%        8
 Necromutation            Tmut/Necr      11%        N/A       100%        8


Dungeon Overview and Level Annotations

Branches:
Dungeon (14/15)            Temple (1/1) D:6            Lair (5/5) D:10
 Shoals (0/4) Lair:2       Spider (0/4) Lair:3        Slime (0/5) Lair:5
    Orc (2/2) D:10            Elf (0/3) Orc:2       Gauntlet (visited)
 Vaults: D:13-14

Altars:
Ashenzari
Cheibriados
Dithmenos
Elyvilon
Fedhas
Gozag
Hepliaklqana
Kikubaaqudgha
Makhleb
Nemelex Xobeh
Okawaru
Qazlal
Ru
Sif Muna
Trog
Uskayaw
Vehumet
Wu Jian
Xom
Yredelemnul
Zin
The Shining One
Jiyva

Shops:
D:5 [   D:6 *==(   D:7 !   D:12 (   Orc:1 =   Orc:2 [=*?

Portals:
Pandemonium: Orc:2

Annotations:
D:3 1 runed translucent door, Crazy Yiuf
D:12 2 transporters


Innate Abilities, Weirdness & Mutations

You are a creature of crystalline ice.
You have a powerful freezing melee attack.
You are amphibious.
Your maximum health is increased.
Your armour is entirely melded.
You are incapable of wielding weapons or throwing items.
((You can breathe waves of freezing cold which knock back foes.))
((Your icy white scales are hard. (AC +9)))
You cannot fit into any form of body armour.
((Your flesh is cold resistant. (rC+)))
((You are cold-blooded and may be slowed by cold attacks.))
((Your large and strong wings let you fly.))
((Your flesh is heat resistant. (rF+)))


Message History

The meliai hits you with a +0 war axe! The meliai stings you.
The meliai closely misses you. The meliai barely misses you.
You pummel the four-headed hydra!!
The four-headed hydra seems to slow down.
You freeze the four-headed hydra.
The four-headed hydra is severely wounded.
The meliai hits you with a +0 hand axe! The meliai stings you.
The meliai hits you with a +2 hand axe of venom!
The meliai stings you! The meliai misses you. The meliai completely misses you.
The four-headed hydra bites you! x2
* * * LOW HITPOINT WARNING * * *
The four-headed hydra bites you.
* * * LOW HITPOINT WARNING * * *
The four-headed hydra barely misses you.
Unknown command.
A red film seems to cover your vision as you go berserk!
You feel yourself moving faster!
You feel mighty! The meliai hits you with a +0 hand axe.
* * * LOW HITPOINT WARNING * * *
The meliai stings you but does no damage.
The meliai mumbles some strange prayers to its god against you.
Something smites you!
* * * LOW HITPOINT WARNING * * *
The meliai hits you with a +0 war axe!
* * * LOW HITPOINT WARNING * * *
The meliai stings you but does no damage.
The meliai mumbles some strange prayers to its god against you.
Something smites you!
* * * LOW HITPOINT WARNING * * *
The meliai hits you but does no damage. The meliai stings you!
* * * LOW HITPOINT WARNING * * *
The meliai hits you with a +2 hand axe of venom.
* * * LOW HITPOINT WARNING * * *
The meliai misses you.
You pummel the four-headed hydra like a punching bag!!!
You freeze the four-headed hydra.
You kill the four-headed hydra!
The Council accepts your kill. The meliai hits you but does no damage.
The meliai stings you!
You die...

#.# #.#
#.# #.#
#.# #.#
#y#######
#Yy.[....
#y.....!.
#........
#.#######
#.# #.#
#.# #.#


You could see 3 meliai.

Vanquished Creatures
  Kirke (Lair:3)
  An orc warlord (Orc:2)
  Nessos (Lair:4)
  A minotaur (Gauntlet)
  Snorg (Orc:1)
  Fannar (Lair:3)
  Erolcha (Orc:2)
  10 hydras
  A centaur warrior (D:13)
  2 demonspawn (Orc:2)
  2 two-headed ogres (D:11)
  A merfolk avatar (Lair:5)
  2 catoblepae
  3 death yaks
  Urug (Lair:2)
  8 orc high priests (Orc:2)
  Lodul (D:13)
  A sea snake (Lair:5)
  A necromancer (Gauntlet)
  2 deep elf pyromancers
  A harpy (Lair:5)
  6 orc knights (Orc:2)
  4 cyclopes
  4 orc sorcerers (Orc:2)
  4 manticores
  2 ugly things
  23 elephants
  9 black mambas
  Maurice (D:9)
  3 gargoyles
  An orange demon (Orc:2)
  4 torpor snails
  2 molten gargoyles (Gauntlet)
  7 cane toads
  7 komodo dragons
  A minotaur zombie (Gauntlet)
  4 rime drakes
  An ice devil (Orc:2)
  A hellwing (Orc:2)
  8 trolls
  A red devil (Orc:2)
  3 polar bears
  3 hornets
  3 slime creatures (D:12)
  14 blink frogs
  Grinder (D:6)
  A jumping spider (Lair:3)
  3 snapping turtles (Lair:5)
  10 dream sheep
  Sigmund (D:4)
  6 shadows (Gauntlet)
  5 wyverns
  3 wraiths
  Eustachio (D:6)
  2 hogs (Lair:3)
  29 yaks
  A chaos spawn (Orc:2)
  6 steam dragons
  Menkaure (D:5)
  3 vampire mosquitoes (D:13)
  8 basilisks
  3 wargs
  3 acid dragons
  12 water moccasins
  Duvessa (D:4)
  44 orc warriors
  A black bear (Lair:3)
  8 wolves
  16 ogres
  3 centaurs
  A phantom (D:7)
  2 kobold brigands (D:10)
  4 gnoll sergeants
  2 scorpions (D:6)
  11 bullfrogs
  Dowan (D:4)
  10 killer bees
  7 howler monkeys
  A jelly (D:7)
  2 gnoll boudas
  29 orc priests
  2 hounds
  2 iguanas
  20 orc wizards
  7 hell rats
  Robin (D:3)
  18 gnolls
  5 river rats (Lair:2)
  3 adders
  A white imp (D:7)
  4 worms
  2 dart slugs
  72 orcs
  7 ball pythons
  6 bats
  5 endoplasms
  3 giant cockroaches
  13 hobgoblins
  3 jackals (D:4)
  10 kobolds
  4 quokkas
  3 training dummies (D:12)
  4 frilled lizards
  15 goblins
  12 rats
623 creatures vanquished.

Vanquished Creatures (collateral kills)
  2 dream sheep (Lair:4)
  A bullfrog (Lair:4)
3 creatures vanquished.

Vanquished Creatures (others)
  A human (Lair:3)
  A hell rat (Lair:5)
  42 fungi
  52 plants
  14 withered plants (Gauntlet)
110 creatures vanquished.

Grand Total: 736 creatures vanquished

Notes
Turn   | Place    | Note
-------+----------+-------------------------------------------
     0 | D:1      | growler the Draconian Transmuter began the quest for the
                  | Orb.
     0 | D:1      | Reached XP level 1. HP: 16/16 MP: 3/3
    69 | D:1      | Found a faded altar of an unknown god.
   200 | D:1      | Reached XP level 2. HP: 23/23 MP: 5/5
   209 | D:1      | Learned a level 2 spell: Wereblood
   814 | D:2      | Reached XP level 3. HP: 20/28 MP: 4/6
   818 | D:2      | Learned a level 3 spell: Spider Form
  2058 | D:3      | Noticed an ogre
  2714 | D:3      | Reached XP level 4. HP: 34/35 MP: 8/8
  3348 | D:3      | Found an opulent altar of Gozag.
  3651 | D:3      | Killed an ogre
  3652 | D:3      | Reached skill level 4 in Unarmed Combat
  3652 | D:3      | Reached XP level 5. HP: 40/40 MP: 6/9
  3675 | D:3      | Noticed Robin
  3758 | D:3      | Killed Robin
  4012 | D:3      | Found a runed translucent door.
  4013 | D:3      | Noticed Crazy Yiuf
  4277 | D:4      | Noticed Sigmund
  4530 | D:4      | Killed Sigmund
  4531 | D:4      | Reached skill level 6 in Unarmed Combat
  4531 | D:4      | Reached XP level 6. HP: 47/47 MP: 10/10
  4708 | D:4      | Noticed Dowan
  4708 | D:4      | Noticed Duvessa
  4739 | D:4      | Killed Dowan
  4748 | D:4      | Learned a level 4 spell: Ice Form
  4776 | D:4      | HP: 1/47 [Duvessa/+0 short sword (4)]
  4778 | D:4      | Killed Duvessa
  4779 | D:4      | Your scales start taking on an icy white colour.
  4779 | D:4      | Reached XP level 7. HP: 2/52 MP: 5/11
  4779 | D:4      | Gained mutation: Your flesh is cold resistant. (rC+) [White
                  | Draconian growth]
  5272 | D:5      | Entered Level 5 of the Dungeon
  5305 | D:5      | Reached skill level 7 in Unarmed Combat
  5470 | D:5      | Found Qydubem's Armour Shoppe.
  5949 | D:5      | Found a sacrificial altar of Ru.
  6149 | D:5      | Noticed Menkaure
  6171 | D:5      | Killed Menkaure
  6172 | D:5      | Reached skill level 8 in Unarmed Combat
  7408 | D:6      | Noticed Eustachio
  7437 | D:6      | Reached XP level 8. HP: 59/59 MP: 12/12
  7445 | D:6      | Killed Eustachio
  7446 | D:6      | Reached skill level 9 in Unarmed Combat
  7489 | D:6      | Found Fuaveug's General Store.
  7565 | D:6      | Reached skill level 10 in Unarmed Combat
  7865 | D:6      | Found Viosuo's Jewellery Shoppe.
  8003 | D:6      | Found Otaefargh's Jewellery Boutique.
  8007 | D:6      | Noticed Grinder
  8013 | D:6      | Killed Grinder
  8032 | D:6      | Found a staircase to the Ecumenical Temple.
  8104 | Temple   | Entered the Ecumenical Temple
  8136 | Temple   | Became a worshipper of the Wu Jian Council
  8396 | D:6      | Reached skill level 11 in Unarmed Combat
  8440 | D:6      | Found Kumpukkyl's Antique Weapon Boutique.
  8799 | D:7      | Reached XP level 9. HP: 58/64 MP: 11/13
  8850 | D:7      | Found Nysok's Distillery.
  9083 | D:7      | Reached skill level 12 in Unarmed Combat
 10579 | D:8      | Reached skill level 1 in Ice Magic
 10866 | D:9      | Noticed Maurice
 10944 | D:9      | Reached skill level 5 in Transmutations
 10956 | D:9      | Killed Maurice
 11008 | D:9      | Reached XP level 10. HP: 68/71 MP: 10/14
 11011 | D:9      | Reached skill level 13 in Unarmed Combat
 11095 | D:9      | Noticed a cyclops
 11161 | D:8      | Reached skill level 5 in Ice Magic
 11490 | D:9      | Reached * piety under Wu Jian
 11778 | D:9      | Found a glowing silver altar of Zin.
 11876 | D:9      | Found an iron altar of Okawaru.
 11876 | D:9      | Found a glowing golden altar of the Shining One.
 11889 | D:9      | Found a basalt altar of Yredelemnul.
 11891 | D:9      | Found a sparkling altar of Nemelex Xobeh.
 11895 | D:9      | Found a broken altar of Ashenzari.
 12007 | D:10     | Entered Level 10 of the Dungeon
 12015 | D:10     | Found a radiant altar of Vehumet.
 12049 | D:10     | Found a staircase to the Lair.
 12165 | D:9      | Killed a cyclops
 12311 | D:10     | Reached skill level 14 in Unarmed Combat
 12427 | D:10     | Noticed a green ugly thing
 12443 | D:10     | Killed a green ugly thing
 12462 | D:10     | Reached ** piety under Wu Jian
 12463 | D:10     | Reached XP level 11. HP: 71/81 MP: 15/15
 12593 | D:10     | Found a white marble altar of Elyvilon.
 12691 | D:10     | Found a shadowy altar of Dithmenos.
 12691 | D:10     | Noticed a deep elf pyromancer
 12712 | D:10     | Killed a deep elf pyromancer
 12807 | D:10     | Found a staircase to the Orcish Mines.
 13011 | D:11     | Found a gate leading to a gauntlet.
 13022 | Gauntlet | Entered a Gauntlet
 13022 | Gauntlet | Found a transporter.
 13022 | Gauntlet | Found a transporter.
 13026 | Gauntlet | Found a transporter.
 13026 | Gauntlet | Found a transporter.
 13028 | Gauntlet | Noticed a necromancer
 13042 | Gauntlet | Noticed an entropy weaver
 13045 | Gauntlet | Found a transporter.
 13051 | Gauntlet | Found a large runed translucent door.
 13052 | Gauntlet | Found a large runed translucent door.
 13054 | Gauntlet | Found a runed translucent gate.
 13054 | Gauntlet | Noticed a catoblepas
 13055 | Gauntlet | Found a transporter.
 13055 | Gauntlet | Found a transporter.
 13055 | Gauntlet | Noticed a reaper
 13058 | Gauntlet | Found a transporter.
 13062 | Gauntlet | Found a runed translucent gate.
 13062 | Gauntlet | Found a runed translucent gate.
 13064 | Gauntlet | Found a large runed translucent door.
 13064 | Gauntlet | Found a large runed translucent door.
 13065 | Gauntlet | Found a large runed translucent door.
 13066 | Gauntlet | Found a large runed translucent door.
 13066 | Gauntlet | Found a large runed translucent door.
 13066 | Gauntlet | Found a runed translucent door.
 13066 | Gauntlet | Found a runed translucent door.
 13067 | Gauntlet | Found a transporter.
 13067 | Gauntlet | Found a large runed translucent door.
 13068 | Gauntlet | Found a large runed translucent door.
 13070 | Gauntlet | Found a transporter.
 13075 | Gauntlet | Found a large runed translucent door.
 13076 | Gauntlet | Found a large runed translucent door.
 13077 | Gauntlet | Found a large runed translucent door.
 13086 | Gauntlet | Found a large runed translucent door.
 13086 | Gauntlet | Found a large runed translucent door.
 13114 | Gauntlet | Found a transporter.
 13118 | Gauntlet | Noticed a green death
 13160 | Gauntlet | Found a transporter.
 13176 | Gauntlet | Found a transporter.
 13191 | Gauntlet | Found a large runed translucent door.
 13191 | Gauntlet | Found a large runed translucent door.
 13264 | Gauntlet | Found a transporter.
 13275 | Gauntlet | Found a transporter.
 13291 | Gauntlet | Found a transporter.
 13472 | Gauntlet | Killed a necromancer
 13611 | Gauntlet | Reached skill level 5 in Fighting
 13615 | Gauntlet | Identified the +1 pair of boots of the Pure Lies {rCorr}
 13684 | Gauntlet | Learned a level 5 spell: Blade Hands
 13699 | Gauntlet | Killed a catoblepas
 13702 | Gauntlet | Reached skill level 5 in Dodging
 13819 | Gauntlet | Gained mutation: You occasionally lose the ability to read
                  | scrolls when taking damage. [mutagenic glow]
 13895 | Gauntlet | Identified the ring "Boejuh" {rN+ Will+ rCorr Dex+6}
 13895 | Gauntlet | Noticed a minotaur
 13902 | Gauntlet | Killed a minotaur
 13903 | Gauntlet | Reached skill level 15 in Unarmed Combat
 14195 | D:11     | Noticed a two-headed ogre
 14200 | D:11     | Killed a two-headed ogre
 14313 | D:11     | Noticed a two-headed ogre
 14322 | D:11     | Killed a two-headed ogre
 14429 | D:11     | You fall into a shaft and drop 3 floors!
 14611 | D:13     | Reached XP level 12. HP: 100/100 MP: 11/16
 14617 | D:13     | Noticed Lodul
 14621 | D:13     | Noticed a centaur warrior
 14630 | D:13     | Killed a centaur warrior
 14648 | D:13     | Killed Lodul
 14656 | D:13     | Reached *** piety under Wu Jian
 14789 | D:13     | Noticed a centaur warrior
 14789 | D:13     | Noticed a boulder beetle
 14806 | D:13     | Noticed a vault guard
 14807 | D:13     | Noticed a vault guard
 15053 | D:12     | Found Puul's Firing Range.
 15406 | D:12     | Found a transporter.
 15409 | D:12     | Found a transporter.
 15411 | D:12     | Noticed a boulder beetle
 15411 | D:12     | Noticed a boulder beetle
 15983 | D:11     | Found a stormy altar of Qazlal.
 16373 | D:11     | Noticed a seven-headed hydra
 16386 | D:11     | Killed a seven-headed hydra
 16492 | Lair:1   | Entered Level 1 of the Lair of Beasts
 16760 | Lair:1   | Reached skill level 16 in Unarmed Combat
 16773 | Lair:1   | You fall into a shaft and drop 1 floor!
 16797 | Lair:2   | Reached **** piety under Wu Jian
 16964 | Lair:1   | Reached XP level 13. HP: 111/111 MP: 17/17
 17757 | Lair:2   | Reached skill level 10 in Fighting
 17871 | Lair:2   | Found a staircase to the Shoals.
 18049 | Lair:2   | Noticed Urug
 18054 | Lair:2   | Killed Urug
 18544 | Lair:3   | Found a hole to the Spider Nest.
 18727 | Lair:3   | Reached ***** piety under Wu Jian
 18885 | Lair:3   | Noticed Fannar
 18893 | Lair:3   | Killed Fannar
 19043 | Lair:3   | Noticed Kirke
 19044 | Lair:3   | Noticed a sphinx
 19048 | Lair:3   | Noticed a sphinx
 19048 | Lair:3   | Killed Kirke
 19436 | Lair:4   | Identified 2 scrolls of acquirement
 19436 | Lair:4   | Acquired the ring "Tesaosas" {rElec rPois rC++ rCorr Dex-5}
 19454 | Lair:4   | Acquired 1087 gold pieces
 19655 | Lair:4   | Reached skill level 17 in Unarmed Combat
 19906 | Lair:4   | Noticed Nessos
 19918 | Lair:4   | Killed Nessos
 20174 | Lair:4   | Reached XP level 14. HP: 63/125 MP: 14/18
 20646 | Lair:5   | Entered Level 5 of the Lair of Beasts
 20650 | Lair:5   | Lost mutation: You occasionally lose the ability to read
                  | scrolls when taking damage. [potion of mutation]
 20650 | Lair:5   | Gained mutation: Your large and strong wings let you fly.
                  | [potion of mutation]
 20650 | Lair:5   | Gained mutation: Your flesh is heat resistant. (rF+)
                  | [potion of mutation]
 20839 | Lair:4   | Reached skill level 1 in Stealth
 20907 | Lair:5   | Found a staircase to the Slime Pits.
 20907 | Lair:5   | Found a viscous altar of Jiyva.
 22181 | Lair:5   | Got the Discourse on Congealing Transfiguration
 22485 | Lair:5   | Reached skill level 5 in Spellcasting
 22667 | Orc:1    | Entered Level 1 of the Orcish Mines
 22821 | Orc:1    | Found Dugug's Jewellery Boutique.
 22960 | Orc:1    | Noticed Snorg
 22964 | Orc:1    | Killed Snorg
 23210 | Orc:2    | Entered Level 2 of the Orcish Mines
 23263 | Orc:2    | Reached ****** piety under Wu Jian
 23458 | Orc:2    | Noticed Erolcha
 23463 | Orc:2    | Killed Erolcha
 23625 | Orc:2    | Found Itoag's General Store.
 23626 | Orc:2    | Found Banitoh's Magic Scroll Shoppe.
 23871 | Orc:2    | Noticed an orc warlord
 23988 | Orc:2    | Killed an orc warlord
 23989 | Orc:2    | Reached skill level 5 in Stealth
 23989 | Orc:2    | Reached skill level 18 in Unarmed Combat
 24072 | Orc:2    | Reached XP level 15. HP: 127/135 MP: 17/22
 24075 | Orc:2    | Found a staircase to the Elven Halls.
 24921 | Orc:2    | Reached skill level 10 in Ice Magic
 25107 | Orc:2    | Found Teotuj's Jewellery Shop.
 25107 | Orc:2    | Found a one-way gate leading to the halls of Pandemonium.
 25107 | Orc:2    | Found Rocumnao's Antique Armour Boutique.
 25259 | D:13     | HP: 11/244 [meliai/+0 war axe (7)]
 25259 | D:13     | HP: 5/244 [meliai/+2 hand axe of venom (6)]
 25260 | D:13     | Slain by a meliai

Illustrated notes

Levels and vault maps discovered:
D:1:      dpeg_arrival_windows_large_door, layout_rooms,
          chequers_ecumenical_altar_island
D:2:      layout_loops_ring, minmay_tetromino_s2
D:3:      minmay_general_purpose_star, layout_basic,
          nicolae_gozag_cash_rules_everything_around_me, minivault_25,
          chequers_serial_rivers_micro_d, minmay_close_crescents,
          uniq_crazy_yiuf_cottage, uniq_robin
D:4:      layout_basic, corner_web_ring, uniq_sigmund, uniq_duvessa
D:5:      layout_basic, nicolae_ru_great_annihilating_truth, serial_shops,
          nicolae_square_shop, uniq_menkaure
D:6:      layout_basic, lemuel_temple_firewalk_b, serial_shops, shop,
          kennysheep_little_box, nicolae_shop_behind_doors, nicolae_shop_trees,
          uniq_eustachio, uniq_grinder
D:7:      layout_basic, serial_shops, nicolae_shop_behind_doors
D:8:      layout_loops_ring, grunt_decor_arrowhead
D:9:      layout_loops_ring, marbit_many_paths,
          chequers_temple_overflow_minitemple, grunt_ministairs_13,
          minmay_misc_feat_doors, minmay_fractal_squares_5, uniq_maurice
D:10:     minmay_bloctagon, layout_cave_pools, nicolae_elyvilon_peaceful_grove,
          mainiacjoe_overflow_surrounded_room, kennysheep_mini_moat, orc_0_dummy
D:11:     layout_irregular_city, gauntlet_entry_generic, serial_column_ruins,
          column_ruins_square_medium, column_ruins_columns_dead_end,
          column_ruins_grid_3, column_ruins_open_tiny_water,
          column_ruins_columns_corner, nicolae_qazlal_style_of_elements
D:12:     gammafunk_boulding_lane, layout_stronghold, nicolae_shop_firing_range
D:13:     layout_long_grid, lightli_vaults_fourway_checkpoint,
          grunt_ministairs_9, uniq_lodul
D:14:     layout_basic, nicolae_hepliaklqana_hippocampus
Temple:   nicolae_temple_ecumenical_triangle
Lair:1:   layout_misc_corridors, serial_bayou_shore_b, lemuel_fruit_fields,
          grunt_megastairs_1, serial_bayou_shore_b, serial_bayou_shore_b,
          infiniplex_staircase_pool
Lair:2:   layout_chaotic_city, shoals_dummy_entry, kennysheep_abandoned_house,
          uniq_urug
Lair:3:   layout_chaotic_city, spider_nest_entry_a, enter_volcano_2,
          serial_bayou_shore_b, uniq_kirke, uniq_fannar
Lair:4:   layout_regular_city, lemuel_fruit_fields, grunt_megastairs_2,
          uniq_nessos
Lair:5:   gammafunk_lair_ancient_temple, layout_gridlike, slime_entry_1,
          serial_bayou_pond_d, infiniplex_staircase_pool_2
Orc:1:    layout_diamond_mine, basic_altar, serial_shops, shop, mines1_david,
          uniq_snorg
Orc:2:    pf_orc_diabolical, layout_diamond_mine, uniq_erolcha

Skill      XL: |  1  2  3  4  5  6  7  8  9 10 11 12 13 14 15 |
---------------+----------------------------------------------+-----
Transmutations | 3 4 5 7 8 9 |  9.0
Unarmed Combat | 4 6 8 11 12 14 15 16 17 18 | 18.3
Spellcasting   | 3 5 |  5.0
Ice Magic      | 4 6 9 10 | 10.0
Dodging        | 2 6 8 9 |  9.0
Fighting       | 2 7 9 11 13 | 13.5
Stealth        | 5 6 |  6.0

Action                   |  1- 3 |  4- 6 |  7- 9 | 10-12 | 13-15 || total
-------------------------+-------+-------+-------+-------+-------++-------
Melee: Unarmed           |   147 |   117 |   291 |   434 |   862 ||  1851
       Headbutt          |     6 |    15 |    17 |     5 |       ||    43
       Tailslap          |    17 |    12 |    15 |    24 |   111 ||   179
       Kick              |    11 |    17 |    20 |    12 |       ||    60
       Punch             |     2 |     4 |     9 |    14 |    94 ||   123
 Fire: Sling             |       |     3 |       |       |       ||     3
 Cast: Beastly Appendage |    13 |     9 |    15 |     6 |       ||    43
       Wereblood         |     1 |       |     1 |     1 |       ||     3
       Spider Form       |       |     1 |    16 |     4 |       ||    21
       Ice Form          |       |       |       |    26 |    17 ||    43
       Blade Hands       |       |       |       |     7 |    63 ||    70
Invok: Lunge             |       |       |    12 |    59 |    90 ||   161
       Whirlwind         |       |       |       |    63 |   237 ||   300
       Serpent's Lash    |       |       |       |       |     9 ||     9
 Abil: Breathe Frost     |       |       |     6 |     3 |       ||     9
       End Transformatio |       |       |       |       |     4 ||     4
Evoke: Wand              |       |     6 |     4 |       |       ||    10
  Use: Scroll            |     1 |     7 |     4 |     7 |    15 ||    34
       Potion            |       |       |     1 |     4 |     3 ||     8
 Stab: Sleeping          |     2 |       |     1 |       |     2 ||     5
       Paralysed         |       |       |     1 |       |       ||     1
       Distracted        |       |       |       |       |     2 ||     2
Armor: Skin              |    30 |    45 |    59 |   126 |   169 ||   429
Dodge: Dodged            |    86 |    62 |   151 |   200 |   418 ||   917
